 Dungeon Crawl Stone Soup version 0.31-a0-7-g51783674b7 (webtiles) character file.

Game seed: 3835397959337960977

84 bande the Trooper (level 4, -3/29 HPs)
             Began as a Gargoyle Fighter on May 6, 2023.
             Slain by Crazy Yiuf
             ... wielding a +2 quarterstaff of chaos
              (6 damage)
             ... on level 2 of the Dungeon.
             The game lasted 00:02:47 (1524 turns).

bande the Trooper (Gargoyle Fighter)                Turns: 1524, Time: 00:02:48

Health: -3/29      AC: 11    Str: 19    XL:     4   Next: 45%
Magic:  4/4        EV:  9    Int:  9    God:
Gold:   83         SH:  4    Dex: 11    Spells: 3/3 levels left

rFire   . . .        a - +0 war axe
rCold   . . .        c - +0 buckler
rNeg    + . .        b - +0 scale mail
rPois   ∞            (no helmet)
rElec   +            (no cloak)
rCorr   .            i - +0 pair of gloves
SInv    .            (no boots)
Will    .....        l - amulet of regeneration Stlth
                     (no ring)
HPRegen 1.04/turn    (no ring)
MPRegen 0.09/turn

%: no passive effects
@: no status effects
A: sickness immunity, AC +3, negative energy resistance 1, electricity
resistance, torment resistance 1, petrification resistance
a: no special abilities


You were on level 2 of the Dungeon.
You visited 1 branch of the dungeon, and saw 2 of its levels.

You collected 83 gold pieces.

Inventory:

Hand Weapons
 a - a +0 war axe (weapon)
Armour
 b - a +0 scale mail (worn)
 c - a +0 buckler (worn)
 i - a +0 pair of gloves (worn)
Jewellery
 f - a +4 ring of protection
 l - an amulet of regeneration (around neck)
Scrolls
 e - 2 scrolls of identify
Potions
 d - 2 potions of might
 j - 2 potions of berserk rage
 k - 2 potions of curing
 m - a potion of mutation


   Skills:
 + Level 3.8 Fighting
 + Level 3.0 Axes
 + Level 3.8 Armour
 + Level 3.8 Shields


You had 3 spell levels left.
You didn't know any spells.
Your spell library contained the following spells:

 Spells                   Type           Power      Damage    Failure   Level
 Sting                    Tmut/Pois      0%         1d3       83%         1
 Poisonous Vapours        Pois/Air       0%         N/A       92%         2
 Wereblood                Tmut           0%         N/A       92%         2
 Inner Flame              Hex/Fire       0%         N/A       99%         3
 Flame Wave               Conj/Fire      0%         2d4       100%        4
 Olgreb's Toxic Radiance  Pois           0%         N/A       100%        4
 Sticky Flame             Conj/Fire      0%         2d3       100%        4
 Summon Hydra             Summ           0%         N/A       100%        7
 Sublimation of Blood     Necr           Unusable   N/A       N/A         2

Dungeon Overview and Level Annotations

Branches:
Dungeon (2/15)

Altars:
Sif Muna

Shops:
D:1 (

Annotations:
D:2 Crazy Yiuf


Innate Abilities, Weirdness & Mutations

You are immune to sickness and miasma.
Your stone body is resilient. (AC +3)
You are immune to poison.
You resist negative energy. (rN+)
You are resistant to electric shocks. (rElec)
You are resistant to unholy torment.
You are immune to petrification.


Message History

There is a stone staircase leading up here.
You see here a +0 ring mail.
Found a hammer.
Found a runed translucent door.
You now have 83 gold pieces (gained 6).
f - a +4 ring of protection You see here the +6 whip of the Vestibule of Hell {flame, *Rage rPois Int+4}.
You see here a +0 whip.
You see here a +0 robe.
There is a stone staircase leading down here.
Crazy Yiuf shouts!
Crazy Yiuf yells, "Powder pontify fast!"
Could not explore, unopened runed door.
Could not explore, unopened runed door.
No reachable target in view!
You open the door. You barely miss Crazy Yiuf.
Crazy Yiuf hits you with a +2 quarterstaff of chaos.
Crazy Yiuf freezes you.
You barely miss Crazy Yiuf. Crazy Yiuf barely misses you.
You hit Crazy Yiuf.
Crazy Yiuf is lightly wounded.
Crazy Yiuf misses you. Crazy Yiuf closely misses you.
You barely miss Crazy Yiuf.
Crazy Yiuf is lightly wounded.
Crazy Yiuf hits you with a +2 quarterstaff of chaos!
Crazy Yiuf freezes you.
You slash Crazy Yiuf!
Crazy Yiuf is heavily wounded.
Crazy Yiuf says, "Crazy?
Crazy!?
PORCUPINE!"
Crazy Yiuf hits you with a +2 quarterstaff of chaos!
* * * LOW HITPOINT WARNING * * *
Crazy Yiuf burns you.
* * * LOW HITPOINT WARNING * * *
You slash Crazy Yiuf!
Crazy Yiuf is almost dead.
Crazy Yiuf hits you with a +2 quarterstaff of chaos.
* * * LOW HITPOINT WARNING * * *
Crazy Yiuf cries, "Walk canine Xom!"
Crazy Yiuf hits you with a +2 quarterstaff of chaos.
You die...

#######.# #....#
#..........
#<......# ##..##
#..######.#
#>####### ♣P...♣
#..# #.. #.#
♣♣P..♣ #..# ###
#.# ♣♣.♣♣ #.## #
#.# ♣♣.♣ #.# #
#.# ♣.♣♣ #.# #.#
♣♣.♣ #.# #.# ♣@♣♣
#.# #.# *#g#*
##.######### #.#
*...*
#........... #.#
#...#
############ #.#
#)..# ### #.#
##### #.# #.# #.#
#.# #.# #.#
######.##########


You could see Crazy Yiuf.

Vanquished Creatures
  Jessica (D:2)
  2 worms (D:2)
  A dart slug (D:2)
  5 ball pythons
  2 endoplasms
  2 giant cockroaches
  7 hobgoblins (D:1)
  2 jackals (D:2)
  7 kobolds
  A quokka (D:1)
  7 bats
  4 frilled lizards
  4 goblins
  2 rats (D:2)
47 creatures vanquished.

Notes
Turn   | Place    | Note
-------+----------+-------------------------------------------
     0 | D:1      | bande the Gargoyle Fighter began the quest for the Orb.
     0 | D:1      | Reached XP level 1. HP: 14/14 MP: 1/1
    86 | D:1      | Reached XP level 2. HP: 19/19 MP: 2/2
   206 | D:1      | Found Qocvyras's Antique Weapon Emporium.
   438 | D:1      | Reached XP level 3. HP: 24/24 MP: 3/3
   791 | D:2      | Found a shimmering blue altar of Sif Muna.
   805 | D:2      | Noticed Jessica
   810 | D:2      | Killed Jessica
   811 | D:2      | Reached XP level 4. HP: 27/29 MP: 4/4
  1004 | D:2      | Identified the +6 whip of the Vestibule of Hell {flame,
                  | *Rage rPois Int+4}
  1288 | D:2      | Found a runed translucent door.
  1289 | D:2      | Noticed Crazy Yiuf
  1524 | D:2      | Slain by Crazy Yiuf

Illustrated notes

Levels and vault maps discovered:
D:1:      dpeg_arrival_morbid_curiosity, layout_loops_ring, serial_shops,
          nicolae_shop_dealshenge
D:2:      layout_loops_ring, basic_altar, uniq_jessica, uniq_crazy_yiuf_cottage

Skill      XL: |  1  2  3  4 |
---------------+-------------+-----
Axes           | 2 3 |  3.0
Fighting       | |  3.8
Armour         | |  3.8
Shields        | |  3.8

Action                     |  1- 3 |  4- 6 || total
---------------------------+-------+-------++-------
  Melee: War axe           |    95 |    33 ||   128
    Use: Scroll            |       |     6 ||     6
 Armour: Scale mail        |    56 |    20 ||    76
  Dodge: Dodged            |    71 |    14 ||    85
  Block: Buckler           |    18 |     6 ||    24

Table legend: (Time is in decaauts)
 A = Elapsed time spent in this place.
 B = Non-inter-level travel time spent in this place.
 C = Inter-level travel time spent in this place.
 D = Time resting spent in this place.
 E = Time spent auto-exploring this place.
 F = Levels seen in this place.
 G = Mean time per level.
                   A        B        C        D        E       F      G
               +--------+--------+--------+--------+--------+-----+--------+
         Total |   1577 |   1501 |     76 |      0 |   1157 |   2 |  788.5 |
       Dungeon |   1577 |   1501 |     76 |      0 |   1157 |   2 |  788.5 |
               +--------+--------+--------+--------+--------+-----+--------+

Top non-repeatable levels by time:
     D:1: 806 daAuts
     D:2: 770 daAuts
